 Dungeon Crawl Stone Soup version 0.17.0-23-g0de4337 (webtiles) character file.

2112 Ordine the Transmogrifier (level 9, -19/70 HPs)
             Began as a Naga Transmuter on Nov 14, 2015.
             Demolished by a hill giant
             ... wielding a +0 giant club
              (31 damage)
             ... on level 7 of the Dungeon.
             The game lasted 00:31:49 (11887 turns).

Ordine the Transmogrifier (Naga Transmuter)        Turns: 11887, Time: 00:31:49

Health: -19/70     AC: 10    Str: 14    XL:     9   Next: 28%
Magic:  12/16      EV: 10    Int: 16    God:
Gold:   424        SH:  0    Dex: 16    Spells: 3 memorised, 9 levels left

rFire  . . .     SeeInvis +       - Unarmed
rCold  + . .     Clarity  .     m - +2 robe {rC+}
rNeg   . . .     SustAt   .     (shield currently unavailable)
rPois  +         Gourm    .     j - +2 helmet
rElec  .         Spirit   .     p - +0 cloak
rCorr  .         Warding  .     (gloves currently unavailable)
rMut   .         Stasis   .     (no barding)
MR     +....                    (no amulet)
Stlth  +.........               (no ring)
                                q - +5 ring of dexterity

@: blade hands, very slow, somewhat resistant to hostile enchantments, very
unstealthy
A: see invisible, deformed body, poison resistance, slowness 2, slow metabolism
1, spit poison 2, AC +3
a: Spit Poison, End Transformation


You were on level 7 of the Dungeon.
You were not hungry.
You had blades for hands.
You visited 2 branches of the dungeon, and saw 8 of its levels.

You collected 424 gold pieces.

Inventory:

Hand Weapons
 f - the +1 quarterstaff of Huvumyul (melded) {pain, rF++ Dex+4}
   (You found it on level 4 of the Dungeon)

   In the hands of one skilled in necromantic magic, it inflicts extra damage on
   living creatures.
   It affects your dexterity (+4).
   It greatly protects you from fire.
Armour
 j - a +2 helmet (worn)
 m - a +2 robe of cold resistance (worn)
 p - a +0 cloak (worn)
Magical Staves
 s - an uncursed staff of summoning
Jewellery
 l - an uncursed ring of ice
 q - a +5 ring of dexterity (left scythe-like blade)
Wands
 t - a wand of cold (12)
Scrolls
 b - 3 scrolls of fear
 g - 2 scrolls of magic mapping
 i - a scroll of identify
 k - a scroll of remove curse
 o - a scroll of recharging
Potions
 e - 3 potions of might
 n - a potion of flight
 r - a potion of resistance
Books
 c - a book of Changes

   Spells                             Type                      Level
   a - Beastly Appendage              Transmutation                1
   b - Sticks to Snakes               Transmutation                2
   c - Spider Form                    Transmutation/Poison         3
   d - Ice Form                       Ice/Transmutation            4
   e - Blade Hands                    Transmutation                5
Comestibles
 a - 2 meat rations
 d - 7 bread rations


   Skills:
 - Level 1.0 Fighting
 - Level 1.5 Dodging
 + Level 4.3 Unarmed Combat
 * Level 5.0 Spellcasting
 + Level 10.4 Transmutations


You had 9 spell levels left.
You knew the following spells:

 Your Spells              Type           Power        Failure   Level  Hunger
a - Beastly Appendage     Trmt           #####.       10%         1    None
b - Spider Form           Trmt/Pois      ###.......   36%         3    ###....
c - Blade Hands           Trmt           #####.....   41%         5    ######.


Dungeon Overview and Level Annotations

Branches:
Dungeon (7/15)             Temple (1/1) D:6

Altars:
Ashenzari
Cheibriados
Dithmenos
Elyvilon
Fedhas
Gozag
Makhleb
Nemelex Xobeh
Okawaru
Qazlal
Ru
Sif Muna
Trog
Vehumet
Xom
Yredelemnul
Zin
The Shining One


Innate Abilities, Weirdness & Mutations

You cannot wear boots.
Your serpentine skin is tough (AC +3).
You have supernaturally acute eyesight.
Armour fits poorly on your strangely shaped body.
Your system is resistant to poisons.
You cover ground very slowly.
You have a slow metabolism.
You can spit poison.


Message History

The hill giant is moderately wounded.
The hill giant barely misses you.
You hit the hill giant.
The hill giant is moderately wounded.
The hill giant hits you with a giant club!!!
Ouch! That really hurt!
You slash the hill giant!
The hill giant is heavily wounded.
The hill giant hits you with a giant club!!
* * * LOW HITPOINT WARNING * * *
Drink which item? (? for menu, Esc to quit)
You feel better.
You hit the hill giant but do no damage.
The hill giant is heavily wounded.
The hill giant hits you with a giant club.
* * * LOW HITPOINT WARNING * * *
You hit the hill giant.
The hill giant is heavily wounded.
The hill giant hits you with a giant club!!
You die...

.....#.....####.##.......##....#
..............#....#####.#######
.........#.......### #.##
######..........## ###..#####
..#####.........# #........#
...##...##....#.# #........#
......####...##.# #........#
.>...#####...##.######........#
................@.............#
.........##.#.#C######........#
................... #........#
......###..........# #........#
......##............ #........#
.......#............ ##########
...##...............
##.##..............#
#.##..##<...##....


You could see a hill giant.

Vanquished Creatures
  Grinder (D:6)
  Menkaure (D:5)
  An orc warrior (D:6)
  2 ice beasts (D:5)
  2 phantoms
  3 ogres
  A centaur (D:7)
  A scorpion (D:4)
  A wight (D:6)
  A crimson imp (D:6)
  3 orc priests
  A wasp zombie (D:7)
  Crazy Yiuf (D:5)
  8 orc wizards
  3 giant frog skeletons (D:4)
  A hound (D:4)
  2 centaur skeletons
  3 worker ants
  A killer bee zombie (D:5)
  Robin (D:4)
  7 adders
  4 shadow imps
  3 oozes
  An adder zombie (D:5)
  5 worms
  3 giant geckos
  25 orcs
  13 giant cockroaches
  12 goblins
  9 hobgoblins
  10 kobolds
  3 ball pythons
  2 bats
  6 giant newts
  5 quokkas
  3 rats
149 creatures vanquished.

Vanquished Creatures (others)
  An adder (D:6)
  3 goblins (D:4)
4 creatures vanquished.

Grand Total: 153 creatures vanquished

Notes
Turn   | Place    | Note
--------------------------------------------------------------
     0 | D:1      | Ordine the Naga Transmuter began the quest for the Orb.
     0 | D:1      | Reached XP level 1. HP: 18/18 MP: 3/3
   362 | D:1      | Reached XP level 2. HP: 15/25 MP: 3/5
  1328 | D:2      | Found a white marble altar of Elyvilon.
  1590 | D:2      | Reached XP level 3. HP: 28/31 MP: 6/6
  1595 | D:2      | Learned a level 3 spell: Spider Form
  1721 | D:2      | Found a glowing golden altar of the Shining One.
  2227 | D:2      | Reached XP level 4. HP: 9/38 MP: 8/8
  3523 | D:3      | Reached skill level 4 in Transmutations
  4279 | D:3      | Reached XP level 5. HP: 26/44 MP: 9/9
  4505 | D:3      | Learned a level 5 spell: Blade Hands
  4569 | D:3      | Found a shimmering altar of Xom.
  4664 | D:4      | Reached skill level 5 in Transmutations
  4852 | D:4      | Reached XP level 6. HP: 51/51 MP: 10/10
  4884 | D:4      | Noticed Robin
  4930 | D:4      | Reached skill level 6 in Transmutations
  4935 | D:4      | Killed Robin
  5446 | D:4      | Noticed a phantom
  5538 | D:4      | HP: 2/51 [phantom (8)]
  5546 | D:4      | Killed a phantom
  5546 | D:4      | Reached skill level 7 in Transmutations
  5546 | D:4      | Reached XP level 7. HP: 27/57 MP: 8/11
  5858 | D:4      | Noticed an ogre
  5885 | D:4      | Killed an ogre
  6036 | D:4      | Found a blossoming altar of Fedhas.
  6302 | D:4      | Got an iridescent quarterstaff
  6303 | D:4      | Identified the cursed +1 quarterstaff of Huvumyul {pain, rF++ Dex+4} (You found it on level 4 of the Dungeon)
  6888 | D:5      | Entered Level 5 of the Dungeon
  6916 | D:5      | Reached skill level 8 in Transmutations
  7110 | D:5      | Noticed Crazy Yiuf
  7125 | D:5      | Killed Crazy Yiuf
  7642 | D:5      | Reached XP level 8. HP: 48/64 MP: 12/12
  7885 | D:5      | Reached skill level 9 in Transmutations
  7945 | D:5      | Found a snail-covered altar of Cheibriados.
  8339 | D:5      | Found a deep blue altar of Sif Muna.
  8802 | D:5      | Found a glowing silver altar of Zin.
  8835 | D:5      | Noticed Menkaure
  8841 | D:5      | Killed Menkaure
  8841 | D:5      | Reached skill level 10 in Transmutations
  9210 | D:6      | Found a radiant altar of Vehumet.
  9211 | D:6      | Found a sacrificial altar of Ru.
  9212 | D:6      | Found a blossoming altar of Fedhas.
  9328 | D:6      | Noticed Grinder
  9334 | D:6      | Paralysed by Grinder for 2 turns
  9340 | D:6      | Killed Grinder
  9501 | D:6      | Found a staircase to the Ecumenical Temple.
  9510 | Temple   | Entered the Ecumenical Temple
  9840 | D:6      | Found an opulent altar of Gozag.
 10594 | D:7      | Reached XP level 9. HP: 64/70 MP: 15/15
 11682 | D:7      | Reached skill level 5 in Spellcasting
 11878 | D:7      | Noticed a hill giant
 11887 | D:7      | Demolished by a hill giant

Action                   |  1- 3 |  4- 6 |  7- 9 || total
-------------------------+-------+-------+-------++-------
Melee: Unarmed           |    39 |    25 |    80 ||   144
       Dagger            |    87 |   212 |     1 ||   300
       Quarterstaff      |       |       |   212 ||   212
 Cast: Beastly Appendage |     3 |       |       ||     3
       Spider Form       |       |     2 |     6 ||     8
       Blade Hands       |       |       |     6 ||     6
 Abil: Spit Poison       |     5 |    13 |       ||    18
  Use: Scroll            |     7 |     6 |     8 ||    21
       Potion            |       |     9 |     6 ||    15
 Stab: Invisible         |       |     2 |       ||     2
       Sleeping          |       |     1 |     1 ||     2
       Distracted        |       |       |     1 ||     1
  Eat: Chunk             |     3 |     8 |    13 ||    24
       Bread ration      |       |       |     1 ||     1
       Pizza             |       |       |     1 ||     1
